 Dungeon Crawl Stone Soup version 0.26-a0-652-gafc20e3620 (webtiles) character file.

Game seed: 18244269719200368095

77809 ringo67 the Warrior (level 15, -11/154 HPs)
             Began as an Octopode Fighter on Oct 3, 2020.
             Was the Champion of Ru.
             Killed from afar by an ice dragon (43 damage)
             ... with a blast of cold
             ... on level 14 of the Dungeon.
             The game lasted 01:39:04 (29183 turns).

ringo67 the Warrior (Octopode Fighter)             Turns: 29183, Time: 01:39:04

Health: -11/154    AC: 31    Str: 25    XL:     15   Next: 58%
Magic:  0/18       EV: 23    Int: 22    God:    Ru [******]
Gold:   1505       SH:  9    Dex: 25    Spells: 5/18 levels left

rFire    . . .     SeeInvis +     - Unarmed
rCold    . . .     Faith    .   D - +3 buckler "Jist" {rElec rPois rC+ Regen+}
rNeg     + + +     Spirit   +   A - +2 hat of the Bear Spirit {Spirit, +Rage rN+ MR++}
rPois    ∞         Reflect  .   y - amulet of guardian spirit
rElec    +         Harm     .   m - +6 ring of intelligence
rCorr    .         Rampage  .   w - +6 ring of intelligence
MR       +++..                  C - ring of flight
Stlth    ..........             N - +4 ring of protection
HPRegen  0.75/turn              s - ring of Lirgh {Wiz rN+ Str+3 Dex+7 Stlth+}
MPRegen  0.16/turn              K - +6 ring of dexterity
                                Q - ring of see invisible
                                R - ring of protection from fire

@: statue-form, very slightly contaminated, very slow
A: almost no armour, stealthy swim, amphibious, 8 rings, constrict 8, camouflage
1, no stealth, inability to use devices, hated by all, disrupted magic 1,
temperature sensitive
a: End Transformation, Draw Out Power, Power Leap, Apocalypse, Renounce Religion


You were on level 14 of the Dungeon.
You worshipped Ru.
Ru was exalted by your worship.
You were a stone statue.
You visited 4 branches of the dungeon, and saw 23 of its levels.
You also visited: Sewer and Ice Cave.

You collected 2982 gold pieces.
You spent 1477 gold pieces at shops.

Inventory:

Missiles
 o - 52 boomerangs
 q - 38 poisoned darts (quivered)
Armour
 a - a +0 kite shield
 A - the +2 hat of the Bear Spirit (worn) {Spirit, +Rage rN+ MR++}
   (You bought it in a shop on level 2 of the Orcish Mines)

   It protects you from negative energy.
   It affects your resistance to hostile enchantments.
   It lets you go berserk.
 B - a +1 tower shield
 D - the +3 buckler "Jist" (worn) {rElec rPois rC+ Regen+}
   (You found it on level 8 of the Dungeon)

   It protects you from cold.
   It insulates you from electricity.
   It protects you from poison.
   It increases your rate of regeneration.
Jewellery
 m - a +6 ring of intelligence (left tentacle)
 s - the ring of Lirgh (on tentacle) {Wiz rN+ Str+3 Dex+7 Stlth+}
   (You found it on level 6 of the Lair of Beasts)

   [ring of wizardry]

   It improves your spell success rate.
   It affects your strength (+3).
   It affects your dexterity (+7).
   It protects you from negative energy.
   It makes you more stealthy.
 v - an uncursed ring of ice
 w - a +6 ring of intelligence (right tentacle)
 y - an amulet of guardian spirit (around mantle)
 C - a ring of flight (on tentacle)
 K - a +6 ring of dexterity (on tentacle)
 N - a +4 ring of protection (on tentacle)
 Q - a ring of see invisible (on tentacle)
 R - a ring of protection from fire (on tentacle)
Wands
 e - a wand of disintegration (18)
 u - a wand of random effects (40)
 H - a wand of digging (5)
 L - a wand of flame (36)
 O - a wand of polymorph (10)
Scrolls
 c - 7 scrolls of teleportation
 h - 13 scrolls of remove curse
 i - 2 scrolls of identify
 p - 8 scrolls of fog
 F - a scroll of blinking
 G - a scroll of silence
 J - 3 scrolls of amnesia
 M - a scroll of fear
 P - a scroll of brand weapon
Potions
 b - 2 potions of might
 d - a potion of stabbing
 f - 6 potions of lignification
 g - a potion of berserk rage
 j - 12 potions of curing
 k - a potion of flight {unknown}
 l - 4 potions of heal wounds
 n - 4 potions of brilliance
 r - 3 potions of mutation
 t - 3 potions of haste
 x - a potion of magic {unknown}
 z - a potion of resistance {unknown}
 E - a potion of invisibility
 I - 3 potions of cancellation


   Skills:
 + Level 16.8 Fighting
 + Level 10.6 Dodging
 - Level 4.0 Shields
 + Level 14.4 Unarmed Combat
 - Level 2.0 Spellcasting
 + Level 11.5 Transmutations
 - Level 4.0 Ice Magic
 - Level 8.0 Earth Magic
 - Level 2.0 Poison Magic


You had 5 spell levels left.
You knew the following spells:

 Your Spells              Type           Power        Failure   Level
a - Spider Form           Tmut/Pois      ####......   1%          3
b - Ice Form              Ice/Tmut       #####...     3%          4
c - Statue Form           Tmut/Erth      #####....    21%         6

Your spell library contained the following spells:

 Spells                   Type           Power        Failure   Level
 Beastly Appendage        Tmut           ######       1%          1
 Freeze                   Ice            ###.         1%          1
 Wereblood                Tmut           ######..     1%          2
 Blade Hands              Tmut           ######....   2%          5
 Frozen Ramparts          Ice            ###...       4%          3
 Ozocubu's Armour         Ice            ###.....     4%          3
 Ensorcelled Hibernation  Hex/Ice        ##....       5%          2
 Apportation              Tloc           #.....       9%          1
 Corona                   Hex            #......      9%          1
 Shock                    Conj/Air       #...         9%          1
 Swiftness                Air            #.......     12%         2
 Alistair's Intoxication  Tmut/Pois      ####.....    13%         5
 Irradiate                Conj/Tmut      ####......   19%         5
 Confusing Touch          Hex            #.......     21%         3
 Dazzling Flash           Conj/Hex       #.....       21%         3
 Lesser Beckoning         Tloc           #.........   21%         3
 Static Discharge         Conj/Air       #.......     21%         3
 Hailstorm                Conj/Ice       ##......     30%         4
 Airstrike                Air            #.........   52%         4
 Lightning Bolt           Conj/Air       #.........   85%         5
 Hydra Form               Tmut           ######....   11%         6
 Dragon Form              Tmut           ######....   45%         7
 Invisibility             Hex            #.......     100%        6
 Tukima's Dance           Hex            Unusable     N/A         3
 Summon Ice Beast         Ice/Summ       Unusable     N/A         4

Dungeon Overview and Level Annotations

Branches:
Dungeon (14/15)            Temple (1/1) D:4            Lair (6/6) D:8
 Shoals (0/4) Lair:4        Snake (0/4) Lair:4        Slime (0/5) Lair:6
    Orc (2/2) D:9             Elf (0/3) Orc:2        Vaults (0/5) D:13
  Sewer (visited)           IceCv (visited)

Altars:
Ashenzari
Cheibriados
Dithmenos
Elyvilon
Fedhas
Gozag
Hepliaklqana
Kikubaaqudgha
Makhleb
Nemelex Xobeh
Okawaru
Qazlal
Ru
Sif Muna
Trog
Uskayaw
Vehumet
Wu Jian
Xom
Yredelemnul
Zin
The Shining One
Beogh

Shops:
D:6 =:?   D:11 (   D:13 [   Orc:2 *=}!

Annotations:
D:3 3 runed translucent doors, jasper's ghost, amateur DEBe
D:7 Harold
Lair:1 2 runed translucent doors, Biyckim's ghost, journeyman GnWn
Lair:6 exclusion: oklob plant


Innate Abilities, Weirdness & Mutations

You cannot wear most types of armour.
You are very stealthy in the water. (Stealth+)
You are amphibious.
You can wear up to eight rings at the same time.
You can use your tentacles to constrict eight enemies at once.
Your skin changes colour to match your surroundings (Stealth+).
((Your rubbery body absorbs attacks. (AC +1, EV +1)))
You cannot be stealthy.
You cannot study or use magical devices.
You are hated by all.
Your casting is slightly disrupted.
You are sensitive to extremes of temperature. (rF-, rC-)


Message History

Unknown command.
You tentacle-slap the ice dragon.
Your tentacle-slap misses the ice dragon.
You squeeze the ice dragon!
The ice dragon is severely wounded.
The ice dragon is stunned by your will and fails to attack.
The ice dragon completely misses you. You block the ice dragon's attack.
The ice dragon tramples you!
* * * LOW HITPOINT WARNING * * *
You stumble backwards!
The ice dragon bites you but does no damage.
The ice dragon claws you but does no damage.
You block the ice dragon's attack.
As you read the scroll of fear, it crumbles to dust.
You assume a fearsome visage.
The ice dragon looks frightened! x2
The ice dragon seems to regain its courage.
The ice dragon is no longer blind.
The ice dragon breathes frost at you. The blast of cold hits you!!!
You die...

#..#########..
#######.............
.......(.........$..
...............[....
#######.............
...#≈≈#....<.†......
⌠..#≈≈#.............
...####...D.........
..[..D'..8..........
##....#.......>.....
≈#..⌠.#.###########.
§#.[..#).......
#######........
........#######
....##### .... ...


You could see 2 ice dragons.

Vanquished Creatures
  Jorgrun (D:12)
  Donald (Orc:2)
  Nessos (D:12)
  Snorg (D:13)
  Josephine (D:12)
  2 fire dragons (D:14)
  5 hydras
  Fannar (Lair:1)
  2 ice dragons (IceCv)
  3 vault guards (D:13)
  A centaur warrior (D:13)
  A death yak (D:11)
  A tengu warrior (D:14)
  Urug (Lair:1)
  7 orc high priests (Orc:2)
  3 skeletal warriors (D:13)
  Pikel (D:6)
  8 orc knights (Orc:2)
  2 orc sorcerers
  9 elephants
  4 ugly things
  2 manticores (D:11)
  Maurice (D:11)
  4 cyclopes
  4 black mambas
  A gargoyle (D:11)
  2 ice statues (IceCv)
  8 cane toads
  3 centaur skeletons
  4 komodo dragons
  A kobold demonologist (D:13)
  5 rime drakes
  7 trolls
  A hornet (shapeshifter) (D:14)
  6 blink frogs
  6 hippogriffs
  7 hornets (Lair:6)
  7 polar bears
  13 spriggans (Lair:6)
  A shadow (D:12)
  2 wyverns
  4 wraiths (D:12)
  19 yaks
  5 basilisks
  8 humans (D:13)
  4 vampire mosquitoes (D:13)
  14 water moccasins
  7 porcupines
  A hornet zombie (D:8)
  15 ice beasts
  44 orc warriors
  A phantom (D:11)
  4 black bears
  4 boggarts (Lair:6)
  3 sky beasts
  3 eyes of draining
  18 ogres
  31 wolves
  3 centaurs
  10 crocodiles
  3 big kobolds
  A gnoll sergeant (D:10)
  A wyvern zombie (D:7)
  17 bullfrogs
  2 wyvern skeletons
  4 scorpions
  3 killer bees (D:12)
  12 wights
  3 howler monkeys
  3 electric eels
  2 centaur zombies
  2 bullfrog zombies
  A quasit (D:7)
  9 hounds
  40 orc priests
  15 jellies
  4 bullfrog skeletons
  Ijyb (D:5)
  6 iguanas
  19 orc wizards
  4 worker ants
  A killer bee zombie (D:8)
  A worker ant zombie (D:8)
  16 gnolls
  24 adders
  2 shadow imps
  2 white imps
  An ufetubus (D:11)
  3 oozes
  An adder zombie (D:9)
  2 worms
  3 dart slugs
  9 leopard geckos
  99 orcs
  13 bats
  6 giant cockroaches
  8 goblins
  8 hobgoblins
  23 jackals
  29 kobolds
  2 quokkas
  5 ball pythons
  5 frilled lizards
  A quokka zombie (D:6)
  10 rats
765 creatures vanquished.

Vanquished Creatures (others)
  A human (D:13)
  A worker ant (D:12)
  51 fungi
  87 plants
140 creatures vanquished.

Grand Total: 905 creatures vanquished

Notes
Turn   | Place    | Note
-------+----------+-------------------------------------------
     0 | D:1      | ringo67 the Octopode Fighter began the quest for the Orb.
     0 | D:1      | Reached XP level 1. HP: 16/16 MP: 1/1
     1 | D:1      | Found a runed translucent door.
   197 | D:1      | Reached XP level 2. HP: 21/21 MP: 2/2
   568 | D:1      | Reached XP level 3. HP: 26/26 MP: 3/3
  1323 | D:2      | Reached XP level 4. HP: 8/32 MP: 4/4
  1865 | D:2      | Found a shadowy altar of Dithmenos.
  1952 | D:2      | Found a stormy altar of Qazlal.
  2045 | D:2      | Found a glowing golden altar of the Shining One.
  2435 | D:3      | Found a runed translucent gate.
  2435 | D:3      | Found a runed translucent gate.
  2444 | D:3      | Found a runed translucent gate.
  2444 | D:3      | Noticed jasper's ghost (amateur DEBe)
  2479 | D:3      | Found a broken altar of Ashenzari.
  2482 | D:3      | Reached XP level 5. HP: 36/37 MP: 5/5
  2509 | D:3      | Reached skill level 4 in Fighting
  2833 | D:3      | Found a glowing drain.
  2862 | Sewer    | Entered a sewer
  3474 | Sewer    | Reached skill level 5 in Unarmed Combat
  3535 | Sewer    | Reached XP level 6. HP: 42/44 MP: 6/6
  4257 | D:3      | Found an iron altar of Okawaru.
  4258 | D:3      | Found an opulent altar of Gozag.
  4439 | D:4      | Found a staircase to the Ecumenical Temple.
  4451 | Temple   | Entered the Ecumenical Temple
  4650 | D:4      | Found a blossoming altar of Fedhas.
  4865 | D:4      | Reached XP level 7. HP: 32/49 MP: 7/7
  5157 | D:4      | Found a glowing silver altar of Zin.
  5219 | D:5      | Entered Level 5 of the Dungeon
  5219 | D:5      | Noticed Ijyb
  5286 | D:5      | Reached skill level 5 in Fighting
  5424 | D:5      | Killed Ijyb
  5964 | D:5      | Found a white marble altar of Elyvilon.
  6424 | D:6      | Reached XP level 8. HP: 52/57 MP: 8/8
  6441 | D:6      | Found Sumein's Weapon Shoppe.
  6444 | D:6      | Found Uciyff's Magic Scroll Shoppe.
  6451 | D:6      | Found Lyaqeryr's Book Shoppe.
  6455 | D:6      | Found Moda's Jewellery Shoppe.
  7222 | D:7      | Reached skill level 6 in Fighting
  7513 | D:7      | Noticed Harold
  7893 | D:7      | Noticed Pikel
  8058 | D:6      | Killed Pikel
  8058 | D:6      | Reached XP level 9. HP: 9/63 MP: 1/9
  8471 | D:6      | Reached skill level 5 in Dodging
  8910 | D:7      | Found a sacrificial altar of Ru.
  8922 | D:7      | Became a worshipper of Ru the Awakened
  8939 | D:7      | Reached skill level 7 in Fighting
  9674 | D:8      | Noticed a troll
 10489 | D:6      | Bought a book of Changes for 350 gold pieces
 10493 | D:6      | Learned a level 3 spell: Spider Form
 10498 | D:6      | Learned a level 4 spell: Ice Form
 11211 | D:8      | Found a staircase to the Lair.
 11232 | D:8      | Reached skill level 1 in Transmutations
 11232 | D:8      | Reached skill level 1 in Ice Magic
 11479 | D:8      | Got a distressingly furry buckler
 11490 | D:8      | Identified the +3 buckler "Jist" {rElec rPois rC+ Regen+}
                  | (You found it on level 8 of the Dungeon)
 11906 | D:9      | Reached skill level 8 in Fighting
 11906 | D:9      | Reached XP level 10. HP: 69/72 MP: 10/10
 11931 | D:9      | Reached skill level 1 in Poison Magic
 11962 | D:9      | Found a hazy altar of Hepliaklqana.
 12335 | D:9      | Found a staircase to the Orcish Mines.
 12480 | D:9      | Found a snail-covered altar of Cheibriados.
 12500 | D:9      | Reached skill level 10 in Unarmed Combat
 12735 | Lair:1   | Entered Level 1 of the Lair of Beasts
 12777 | Lair:1   | Identified a scroll of acquirement
 12777 | Lair:1   | Acquired a manual of Fighting
 12794 | Lair:1   | Found a large runed translucent door.
 12794 | Lair:1   | Found a large runed translucent door.
 12796 | Lair:1   | Noticed Biyckim's ghost (journeyman GnWn)
 12799 | Lair:1   | Noticed Urug
 12826 | Lair:1   | Killed Urug
 12931 | Lair:1   | Reached skill level 9 in Fighting
 12959 | Lair:1   | Noticed a cane toad
 12970 | Lair:1   | Killed a cane toad
 13107 | Lair:1   | Noticed Fannar
 13139 | Lair:1   | Killed Fannar
 13139 | Lair:1   | Reached skill level 10 in Fighting
 13139 | Lair:1   | Reached skill level 5 in Transmutations
 13213 | Lair:1   | Noticed a black mamba
 13224 | Lair:1   | Killed a black mamba
 13453 | D:8      | Reached XP level 11. HP: 82/82 MP: 6/11
 13476 | D:10     | Entered Level 10 of the Dungeon
 13892 | D:10     | Reached skill level 11 in Fighting
 14207 | D:10     | Noticed a green ugly thing
 14218 | D:10     | Killed a green ugly thing
 15262 | Lair:2   | Reached skill level 12 in Fighting
 16644 | Lair:3   | You fall into a shaft and drop 2 floors!
 16689 | Lair:4   | Found a staircase to the Shoals.
 16898 | Lair:4   | Reached XP level 12. HP: 64/92 MP: 4/12
 16923 | Lair:4   | Gained mutation: You are hated by all. [Ru sacrifice]
 16923 | Lair:4   | Reached * piety under Ru
 17227 | Lair:4   | Reached skill level 13 in Fighting
 17881 | Lair:3   | Found a blossoming altar of Fedhas.
 18335 | Lair:4   | Found a staircase to the Snake Pit.
 18734 | Lair:5   | Reached skill level 14 in Fighting
 18758 | Lair:5   | Noticed a four-headed hydra
 18767 | Lair:5   | Killed a four-headed hydra
 18839 | Lair:5   | Noticed a seven-headed hydra
 18912 | Lair:5   | Killed a seven-headed hydra
 19556 | Lair:5   | Reached skill level 15 in Fighting
 19619 | Lair:5   | Gained mutation: You cannot be stealthy. [Ru sacrifice]
 19619 | Lair:5   | Reached ** piety under Ru
 20124 | Lair:6   | Entered Level 6 of the Lair of Beasts
 20131 | Lair:6   | Reached XP level 13. HP: 102/104 MP: 9/13
 20457 | Lair:6   | Found a staircase to the Slime Pits.
 21284 | Lair:6   | Reached skill level 1 in Spellcasting
 22230 | Lair:6   | Got a glittering steel ring
 22234 | Lair:6   | Identified the ring of Lirgh {Wiz rN+ Str+3 Dex+7 Stlth+}
                  | (You found it on level 6 of the Lair of Beasts)
 22534 | Orc:1    | Entered Level 1 of the Orcish Mines
 22740 | Orc:2    | Entered Level 2 of the Orcish Mines
 22792 | Orc:1    | Reached skill level 16 in Fighting
 22954 | Orc:2    | Found a staircase to the Elven Halls.
 23101 | Orc:1    | Found a frozen archway.
 23142 | IceCv    | Entered an ice cave
 23469 | IceCv    | Noticed an ice dragon
 23469 | IceCv    | Noticed an ice dragon
 23477 | IceCv    | Killed an ice dragon
 23481 | IceCv    | Killed an ice dragon
 23481 | IceCv    | Reached XP level 14. HP: 82/112 MP: 8/17
 23862 | Orc:1    | Learned a level 6 spell: Statue Form
 24134 | Orc:2    | Reached skill level 10 in Dodging
 24423 | Orc:2    | Gained mutation: Your casting is slightly disrupted. [Ru
                  | sacrifice]
 24477 | Orc:2    | Found a roughly hewn altar of Beogh.
 24554 | Orc:2    | Noticed Donald
 24575 | Orc:2    | Killed Donald
 25208 | Orc:2    | Reached skill level 1 in Earth Magic
 25681 | Orc:2    | Reached skill level 10 in Transmutations
 25915 | Orc:2    | Found Yzest's Jewellery Shop.
 25915 | Orc:2    | Found Ypaesyle's Assorted Antiques.
 25916 | Orc:2    | Found Iprigeux's Distillery.
 25916 | Orc:2    | Found Odghy's Gadget Boutique.
 25926 | Orc:2    | Bought a potion of heal wounds for 75 gold pieces
 25926 | Orc:2    | Bought a potion of heal wounds for 75 gold pieces
 25932 | Orc:2    | Bought the +2 hat of the Bear Spirit {Spirit, +Rage rN+
                  | MR++} for 977 gold pieces
 25932 | Orc:2    | Found the +2 hat of the Bear Spirit {Spirit, +Rage rN+
                  | MR++}
 26119 | D:11     | Noticed Maurice
 26131 | D:11     | Killed Maurice
 26496 | D:11     | Found Atun's Weapon Emporium.
 26852 | D:11     | Reached skill level 5 in Earth Magic
 26990 | D:12     | Gained mutation: You cannot study or use magical devices.
                  | [Ru sacrifice]
 26990 | D:12     | Reached *** piety under Ru
 26990 | D:12     | Reached **** piety under Ru
 27245 | D:12     | Noticed Jorgrun
 27258 | D:12     | Killed Jorgrun
 27258 | D:12     | Reached XP level 15. HP: 108/118 MP: 11/18
 27364 | D:12     | Found a white marble altar of Elyvilon.
 27413 | D:12     | Noticed Nessos
 27426 | D:12     | Killed Nessos
 27638 | D:12     | Noticed Josephine
 27658 | D:12     | Killed Josephine
 28244 | D:13     | Found a gate to the Vaults.
 28534 | D:13     | Found Xiyz's Antique Armour Emporium.
 28560 | D:13     | Gained mutation: You are sensitive to extremes of
                  | temperature. (rF-, rC-) [Ru sacrifice]
 28560 | D:13     | Reached ***** piety under Ru
 28560 | D:13     | Reached ****** piety under Ru
 28602 | D:13     | Noticed Snorg
 28607 | D:13     | Killed Snorg
 29141 | D:14     | Found a runed translucent door.
 29156 | D:14     | Found the +2 shield of Resistance {rF++ rC++ MR++}
 29183 | D:14     | Killed from afar by an ice dragon

Illustrated notes

Levels and vault maps discovered:
D:1:      dpeg_arrival_caged_fury, layout_loops_corners, minmay_ruptured
D:2:      layout_basic, nicolae_tso_swordbearing_angel, grunt_dithmenos_smoke,
          nicolae_qazlal_eye_of_the_storm, dk_noncrumbling_3, minmay_3d_cube
D:3:      minmay_angry_zag, layout_loops_ring, old_standard_altar,
          gammafunk_temple_overflow_pools, cheibrodos_sewer_entry_bend,
          ebering_ghost_rock_garden
D:4:      layout_loops_ring, zin_treasury, minmay_temple_entry_slanted,
          fedhas_altar_3
D:5:      layout_loops_ring, kennysheep_mini, uniq_ijyb
D:6:      layout_loops_cross, minmay_shop_grid_forest, kennysheep_doodads,
          chequers_serial_rivers_small_3
D:7:      layout_cave_pools, nicolae_ru_awakened_eye, uniq_pikel, uniq_harold
D:8:      layout_loops_corners, lair_entry_dummy, minmay_diamond_spiral
D:9:      layout_loops_corners, lemuel_round_altar,
          lemuel_coloured_pillars_altar, orc_0_dummy
D:10:     layout_roguey
D:11:     layout_rooms, serial_shops, shop, serial_ice, serial_ice_e,
          serial_ice_c, serial_ice_m, serial_ice_f, minmay_tree_intersection,
          uniq_maurice
D:12:     layout_irregular_city, elyvilon_altar_4, uniq_nessos, uniq_josephine,
          uniq_jorgrun
D:13:     layout_gridville, ximxim_vaults_locker_room, serial_shops, shop,
          hangedman_abyss_or_decor_lesser_grid, uniq_snorg
D:14:     layout_long_grid, serial_shops, shop, shop,
          minmay_guarded_unrand_resistance, uniq_rupert, uniq_azrael
Temple:   jpeg_temple_clearing
Lair:1:   layout_cave_pods, gauntlet_entry_generic, ebering_ghost_disaster_area,
          st_stairs_8, uniq_urug, uniq_fannar
Lair:2:   layout_loops_ring, infiniplex_staircase_pool
Lair:3:   layout_regular_city, basic_altar, kennysheep_basilisk_garden
Lair:4:   layout_misc_corridors, elwin_shoals_entry_rocks,
          minmay_snake_entry_six_corridors, lemuel_fruit_tree
Lair:5:   statuecave_lemuel, layout_layer_cave
Lair:6:   minmay_lair_end_enchanted_forest, layout_regular_city,
          minmay_slime_entry_jelly_boxes, minmay_lair_oklob_items,
          serial_bayou_shore_a
Orc:1:    layout_caves, portal_ice_cave_entry_pillars_1
Orc:2:    st_orc_pillars, layout_diamond_mine, minmay_orc_temple_c, uniq_donald

Skill      XL: |  1  2  3  4  5  6  7  8  9 10 11 12 13 14 15 |
---------------+----------------------------------------------+-----
Unarmed Combat | 3 4 5 6 7 8 9 10 12 13 14 | 14.4
Fighting       | 4 5 6 8 10 12 15 16 | 16.8
Dodging        | 4 5 6 8 9 10 | 10.6
Transmutations | 2 5 7 9 10 11 | 11.5
Ice Magic      | 2 3 4 |  4.0
Poison Magic   | 2 |  2.0
Spellcasting   | 2 |  2.0
Earth Magic    | 5 8 |  8.0
Shields        | 4 |  4.0

Action                   |  1- 3 |  4- 6 |  7- 9 | 10-12 | 13-15 || total
-------------------------+-------+-------+-------+-------+-------++-------
Melee: Unarmed           |   103 |   177 |   252 |   451 |   908 ||  1891
       Tentacles         |    19 |    45 |    61 |    27 |    88 ||   240
       Constrict         |    32 |    50 |    52 |    21 |    66 ||   221
       Punch             |     4 |     3 |    16 |    11 |    45 ||    79
Throw: Dart              |       |       |    33 |    61 |     7 ||   101
       Boomerang         |       |       |       |     4 |       ||     4
 Cast: Ice Form          |       |       |       |    33 |    42 ||    75
       Spider Form       |       |       |       |     5 |     1 ||     6
       Statue Form       |       |       |       |       |     7 ||     7
Invok: Reject Sacrifices |       |       |     1 |       |       ||     1
       Sacrifice Stealth |       |       |       |     1 |       ||     1
       Sacrifice Love    |       |       |       |     1 |       ||     1
       Sacrifice Essence |       |       |       |       |     1 ||     1
       Sacrifice Artific |       |       |       |       |     1 ||     1
       Sacrifice Resista |       |       |       |       |     1 ||     1
Evoke: Wand              |       |       |     2 |       |       ||     2
  Use: Scroll            |       |     6 |     4 |    14 |    10 ||    34
       Potion            |       |       |       |     4 |     4 ||     8
 Stab: Sleeping          |     3 |     7 |     2 |     3 |       ||    15
       Distracted        |       |       |     2 |       |     4 ||     6
       Invisible         |       |       |       |       |     1 ||     1
Armor: Skin              |    11 |    13 |     5 |    45 |   133 ||   207
Dodge: Dodged            |    53 |    41 |    82 |   198 |   545 ||   919
Block: Kite shield       |    65 |    81 |    50 |       |       ||   196
       Tower shield      |       |       |    56 |       |       ||    56
       Buckler           |       |       |     8 |    23 |   100 ||   131

Table legend: (Time is in decaauts)
 A = Elapsed time spent in this place.
 B = Non-inter-level travel time spent in this place.
 C = Inter-level travel time spent in this place.
 D = Time resting spent in this place.
 E = Time spent auto-exploring this place.
 F = Levels seen in this place.
 G = Mean time per level.
                   A        B        C        D        E       F      G
               +--------+--------+--------+--------+--------+-----+--------+
         Total |  28997 |  27847 |   1150 |   8774 |  10297 |  25 | 1159.9 |
       Dungeon |  16010 |  15238 |    772 |   4860 |   6797 |  14 | 1143.6 |
        Temple |     94 |     81 |     13 |      0 |     80 |   1 |   94.0 |
          Lair |   8632 |   8342 |    290 |   2426 |   2526 |   6 | 1438.7 |
  Orcish Mines |   2703 |   2629 |     74 |    893 |    439 |   2 | 1351.5 |
         Sewer |    918 |    918 |      0 |    334 |    409 |   1 |  918.0 |
      Ice Cave |    637 |    637 |      0 |    260 |     46 |   1 |  637.0 |
               +--------+--------+--------+--------+--------+-----+--------+

Top non-repeatable levels by time:
     D:6: 2414 daAuts
  Lair:6: 2220 daAuts
   Orc:2: 2148 daAuts
     D:8: 1656 daAuts
     D:1: 1594 daAuts
     D:7: 1566 daAuts
  Lair:5: 1563 daAuts
  Lair:1: 1401 daAuts
  Lair:4: 1365 daAuts
    D:13: 1203 daAuts
     D:3: 1145 daAuts
     D:9: 1144 daAuts
  Lair:3: 1097 daAuts
    D:12: 1034 daAuts
     D:5: 984 daAuts
